 Dungeon Crawl Stone Soup version 0.31-a0-102-g33a4ccc0cb (webtiles) character file.

Game seed: 13173211950495403962

9060 Sobieck the Thaumaturge (level 11, -2/58 HPs)
             Began as a Deep Elf Conjurer on May 27, 2023.
             Was an Elder of Vehumet.
             Killed by divine providence
             ... invoked by an orc priest
              (12 damage)
             ... on level 1 of the Orcish Mines.
             The game lasted 00:29:34 (12999 turns).

Sobieck the Thaumaturge (Deep Elf Conjurer)        Turns: 12999, Time: 00:29:34

Health: -2/58      AC:  5    Str:  4    XL:     11   Next: 18%
Magic:  22/28      EV: 13    Int: 28    God:    Vehumet [****..]
Gold:   53         SH:  0    Dex: 13    Spells: 13/33 levels left

rFire   . . .        (no weapon)
rCold   . . .        (no shield)
rNeg    . . .        a - +0 robe
rPois   .            f - +2 helmet
rElec   .            (no cloak)
rCorr   .            (no gloves)
SInv    .            (no boots)
Will    +....        (no amulet)
Stlth   ++           (no ring)
HPRegen 0.29/turn    (no ring)
MPRegen 0.21/turn

%: no passive effects
@: no status effects
A: no striking features
a: Renounce Religion


You were on level 1 of the Orcish Mines.
You worshipped Vehumet.
Vehumet was greatly pleased with you.
You visited 3 branches of the dungeon, and saw 12 of its levels.

You collected 533 gold pieces.
You spent 480 gold pieces at shops.

Inventory:

Missiles
 Z - a throwing net
Armour
 a - a +0 robe (worn)
 f - a +2 helmet (worn)
 l - a +0 tower shield
 o - the +3 leather armour of Ubbucann {Dex+3}
   (You found it on level 6 of the Dungeon)

   Dex:       It affects your dexterity (+3).
Jewellery
 n - a ring of ice
Wands
 e - a wand of roots (19)
 D - a wand of digging (1)
Scrolls
 c - a scroll of vulnerability
 h - a scroll of fear
 q - 2 scrolls of amnesia {unknown}
 r - a scroll of immolation
 M - 2 scrolls of magic mapping
 R - 2 scrolls of identify
 T - 4 scrolls of teleportation
Potions
 b - a potion of magic
 d - 3 potions of berserk rage
 g - a potion of heal wounds
 i - 2 potions of might {unknown}
 j - a potion of attraction
 k - 3 potions of degeneration
 m - 4 potions of mutation
 p - 2 potions of invisibility
 s - a potion of lignification {unknown}
 H - a potion of haste
 Q - 4 potions of curing


   Skills:
 - Level 2.3 Fighting
 - Level 4.4 Dodging
 - Level 3.0 Stealth
 - Level 11.7 Spellcasting
 - Level 10.0 Conjurations
 - Level 9.0 Hexes
 - Level 4.0 Translocations
 + Level 9.3 Fire Magic
 - Level 2.7 Air Magic


You had 13 spell levels left.
You knew the following spells:

 Your Spells              Type           Power      Damage    Failure   Level
a - Magic Dart            Conj           100%       1d8       1%          1
b - Searing Ray           Conj           100%       2d8       1%          2
c - Fulminant Prism       Conj/Hex       28%        3d14      1%          4
d - Iskenderun's Mystic   Conj/Tloc      47%        2d10      1%          4
e - Swiftness             Air            31%        N/A       3%          3
f - Starburst             Conj/Fire      29%        6d9       5%          6

Your spell library contained the following spells:

 Spells                   Type           Power      Damage    Failure   Level
 Lee's Rapid Deconstruct  Erth           8%         3d7*      24%         5
 Ensorcelled Hibernation  Hex/Ice        66%        N/A       1%          2
 Dazzling Flash           Conj/Hex       100%       N/A       1%          3
 Inner Flame              Hex/Fire       56%        N/A       1%          3
 Volatile Blastmotes      Fire/Tloc      90%        2d17      1%          3
 Cause Fear               Hex            30%        N/A       1%          4
 Flame Wave               Conj/Fire      58%        2d14      1%          4
 Sticky Flame             Conj/Fire      58%        2d7       1%          4
 Passwall                 Tmut/Erth      6%         N/A       10%         2
 Anguish                  Hex/Necr       16%        N/A       10%         4
 Enfeeble                 Hex            30%        N/A       56%         7


Dungeon Overview and Level Annotations

Branches:
Dungeon (10/15)            Temple (0/1) D:7            Lair (1/5) D:10
    Orc (1/2) D:10

Altars:
Elyvilon
Hepliaklqana
Ru
Vehumet
Xom
Zin
The Shining One

Shops:
D:8 *   D:10 !

Annotations:
D:3 1 runed translucent door, Crazy Yiuf
D:10 3 runed translucent doors, dracfodder's ghost, journeyman GrEE


Message History

You climb downwards.
Welcome back to the Orcish Mines!
The orc completely misses you. The warg bites you!
An orc warrior comes into view. It is wielding a +0 flail.
The two-headed ogre misses you.
The two-headed ogre hits you with a +0 giant spiked club!!
The orc barely misses you. The orc closely misses you.
The orc priest begins to cast a cantrip, but forgets the words!
There is a staircase back to the Dungeon, spattered with blood here.
Unknown command.
Danger!
Unknown command.
Casting: Iskenderun's Mystic Blast (dangerous; 1% risk of failure)
Confirm with . or Enter, or press ? or * to list all spells.
You erupt in a blast of force!
The mystic blast hits the orc!
You kill the orc!
Vehumet accepts your kill.
You feel your power returning.
The mystic blast hits the warg!
The warg is moderately wounded.
The warg is knocked back by the mystic blast.
The mystic blast hits the orc!
You kill the orc!
Vehumet accepts your kill.
The mystic blast hits the two-headed ogre.
The two-headed ogre is lightly wounded.
The two-headed ogre is knocked back by the mystic blast.
The mystic blast hits the orc!
You kill the orc!
Vehumet accepts your kill.
You feel your power returning.
The mystic blast hits the warg!
The warg is moderately wounded.
The warg is knocked back by the mystic blast.
The orc warrior shoots an arrow.
The arrow closely misses you.
The orc priest calls upon Beogh to heal the orc warrior.
The orc warrior's wounds heal themselves!
Casting: Iskenderun's Mystic Blast (dangerous; 1% risk of failure)
Confirm with . or Enter, or press ? or * to list all spells.
You erupt in a blast of force!
The mystic blast hits the two-headed ogre!
The two-headed ogre is moderately wounded.
The two-headed ogre is knocked back by the mystic blast.
The mystic blast hits the warg!
The warg is heavily wounded.
You hear a shout!
The orc warrior shoots an arrow.
The arrow hits you!
* * * LOW HITPOINT WARNING * * *
The warg bites you.
* * * LOW HITPOINT WARNING * * *
The orc priest calls down the wrath of Beogh upon you.
Beogh smites you!
You die...

#..............
.....[......#..
.....).........
...[...........
...........)...
....).[.....[..
..o...).)...#..
...O[[>@h.h.o..
...o.$[.).o....
...............
..[.o......##..
............. .
#..........#..
...$.......$...
...#..#........


You could see a two-headed ogre, 2 wargs, 2 orc warriors, 2 orc priests and an
orc.

Vanquished Creatures
  A death yak (D:10)
  Pikel (D:4)
  A deep elf zephyrmancer (D:8)
  Joseph (D:8)
  A komodo dragon (D:10)
  A troll (D:10)
  Grinder (D:5)
  3 wyverns
  8 yaks
  2 vampire mosquitoes (D:10)
  Eustachio (D:3)
  A steam dragon (D:8)
  2 water moccasins
  3 orc warriors
  Duvessa (D:4)
  2 black bears (D:10)
  2 ice beasts (D:7)
  A sky beast (D:7)
  An ogre (Orc:1)
  5 centaurs
  A phantom (D:7)
  A lemure (D:4)
  6 bullfrogs
  A gnoll sergeant (D:9)
  5 scorpions
  A kobold brigand (D:6)
  Dowan (D:4)
  8 killer bees
  5 howler monkeys
  2 hounds (D:5)
  2 jellies (D:6)
  15 orc priests
  A gnoll bouda (D:4)
  2 sleepcaps
  Jessica (D:3)
  Natasha (thrice) (D:3)
  7 iguanas
  10 orc wizards
  Robin (D:4)
  11 gnolls
  3 adders
  3 white imps
  2 ufetubi
  3 worms
  2 dart slugs
  38 orcs
  10 bats (D:3)
  4 endoplasms
  2 giant cockroaches
  18 goblins
  7 hobgoblins
  10 jackals
  15 kobolds
  6 quokkas
  13 ball pythons
  4 frilled lizards
  8 rats
271 creatures vanquished.

Vanquished Creatures (others)
  An air elemental (D:10)
  A water elemental (D:10)
  121 fulminant prisms
123 creatures vanquished.

Grand Total: 394 creatures vanquished

Notes
Turn   | Place    | Note
-------+----------+-------------------------------------------
     0 | D:1      | Sobieck the Deep Elf Conjurer began the quest for the Orb.
     0 | D:1      | Reached XP level 1. HP: 10/10 MP: 6/6
   121 | D:1      | Reached skill level 1 in Hexes
   149 | D:1      | Reached XP level 2. HP: 12/15 MP: 0/8
   152 | D:1      | Learned a level 2 spell: Searing Ray
   948 | D:2      | Reached XP level 3. HP: 19/19 MP: 1/10
  1245 | D:2      | Reached skill level 4 in Spellcasting
  1250 | D:2      | Reached XP level 4. HP: 7/24 MP: 0/12
  1281 | D:2      | Learned a level 4 spell: Fulminant Prism
  1286 | D:2      | Learned a level 4 spell: Iskenderun's Mystic Blast
  1591 | D:2      | Reached skill level 3 in Hexes
  2013 | D:3      | Noticed a scorpion
  2025 | D:3      | Killed a scorpion
  2026 | D:3      | Reached XP level 5. HP: 28/28 MP: 2/14
  2183 | D:3      | Reached skill level 5 in Spellcasting
  2548 | D:3      | Found a radiant altar of Vehumet.
  2563 | D:3      | Became a worshipper of Vehumet
  2678 | D:3      | Noticed Natasha
  2684 | D:3      | Killed Natasha
  2883 | D:3      | Found a runed translucent door.
  2884 | D:3      | Noticed Crazy Yiuf
  3005 | D:3      | Noticed Jessica
  3013 | D:3      | Killed Jessica
  3014 | D:3      | Reached XP level 6. HP: 32/32 MP: 8/16
  3069 | D:3      | Noticed Natasha
  3073 | D:3      | Killed Natasha
  3235 | D:3      | Noticed Natasha
  3239 | D:3      | Killed Natasha
  3240 | D:3      | Reached skill level 6 in Conjurations
  3362 | D:4      | Noticed a wyvern
  3526 | D:4      | Noticed Eustachio
  3539 | D:3      | Killed Eustachio
  3540 | D:3      | Reached skill level 6 in Spellcasting
  3689 | D:4      | Noticed Robin
  3705 | D:4      | Killed Robin
  3840 | D:4      | Reached * piety under Vehumet
  3840 | D:4      | Offered knowledge of Foxfire by Vehumet.
  3912 | D:4      | Reached XP level 7. HP: 34/36 MP: 6/18
  4156 | D:4      | You fall into a shaft and drop 1 floor!
  4156 | D:5      | Entered Level 5 of the Dungeon
  4405 | D:4      | Noticed Pikel
  4411 | D:4      | Killed Pikel
  4412 | D:4      | Reached skill level 7 in Spellcasting
  4412 | D:4      | Reached skill level 6 in Hexes
  4412 | D:4      | Reached XP level 8. HP: 41/41 MP: 11/21
  4414 | D:4      | Noticed Dowan
  4420 | D:4      | Reached skill level 8 in Spellcasting
  5080 | D:5      | Found a sacrificial altar of Ru.
  5081 | D:5      | Found a white marble altar of Elyvilon.
  5084 | D:5      | Found a glowing silver altar of Zin.
  5976 | D:6      | Offered knowledge of Poisonous Vapours by Vehumet.
  5977 | D:6      | Reached skill level 9 in Spellcasting
  6045 | D:6      | Reached ** piety under Vehumet
  6243 | D:6      | Identified the +3 leather armour of Ubbucann {Dex+3}
  6288 | D:6      | Noticed Grinder
  6289 | D:6      | Reached XP level 9. HP: 26/45 MP: 16/24
  6294 | D:5      | Paralysed by Grinder for 5 turns
  6297 | D:5      | HP: 2/45 [Grinder (1)]
  6299 | D:5      | Killed Grinder
  6464 | D:6      | Reached skill level 9 in Hexes
  7121 | D:7      | Reached skill level 9 in Conjurations
  7121 | D:7      | Reached skill level 1 in Translocations
  7185 | D:7      | Reached skill level 10 in Spellcasting
  7466 | D:7      | Offered knowledge of Scorch by Vehumet.
  7688 | D:7      | Found a staircase to the Ecumenical Temple.
  7716 | D:7      | Reached skill level 3 in Translocations
  7753 | D:7      | Found a hazy altar of Hepliaklqana.
  7989 | D:8      | Reached skill level 11 in Spellcasting
  7994 | D:8      | Learned a level 3 spell: Swiftness
  7996 | D:8      | Reached *** piety under Vehumet
  8271 | D:8      | Found Ybahap's Fire Supplies.
  8333 | D:8      | Noticed Joseph
  8363 | D:8      | Killed Joseph
  8364 | D:8      | Reached skill level 1 in Fighting
  8364 | D:8      | Reached skill level 3 in Dodging
  8364 | D:8      | Reached skill level 3 in Stealth
  8364 | D:8      | Reached skill level 1 in Air Magic
  8896 | D:8      | Found a glowing golden altar of the Shining One.
  8896 | D:8      | Found a shimmering altar of Xom.
  8917 | D:8      | Noticed a deep elf zephyrmancer
  8921 | D:8      | HP: 1/47 [deep elf zephyrmancer/bolt of lightning (28)]
  8923 | D:8      | Killed a deep elf zephyrmancer
  8924 | D:8      | Reached XP level 10. HP: 1/53 MP: 19/27
  9651 | D:9      | Offered knowledge of Mephitic Cloud by Vehumet.
 10094 | D:8      | Bought the Incunable of Embers for 480 gold pieces
 10360 | D:10     | Entered Level 10 of the Dungeon
 10378 | D:10     | Reached skill level 1 in Fire Magic
 10482 | D:10     | Found a large runed translucent door.
 10482 | D:10     | Found a large runed translucent door.
 10625 | D:9      | Reached skill level 3 in Fire Magic
 10960 | D:10     | Reached **** piety under Vehumet
 10961 | D:10     | Reached skill level 6 in Fire Magic
 11104 | D:10     | Offered knowledge of Lee's Rapid Deconstruction by Vehumet.
 11328 | D:10     | Learned a level 6 spell: Starburst
 11349 | D:10     | Found a staircase to the Lair.
 11361 | D:10     | Found Daxkudgh's Distillery.
 11506 | D:10     | Found a staircase to the Orcish Mines.
 11533 | D:10     | Reached XP level 11. HP: 58/58 MP: 10/28
 11691 | D:10     | Found a runed translucent door.
 11693 | D:10     | Noticed dracfodder's ghost (journeyman GrEE)
 12090 | D:4      | Noticed Duvessa
 12096 | D:4      | Killed Duvessa
 12117 | D:4      | Killed Dowan
 12465 | Lair:1   | Entered Level 1 of the Lair of Beasts
 12465 | Lair:1   | Noticed a death yak
 12465 | Lair:1   | Noticed a death yak
 12465 | Lair:1   | Noticed a death yak
 12465 | Lair:1   | Noticed a death yak
 12467 | Lair:1   | Noticed a death yak
 12645 | D:10     | Killed a death yak
 12646 | D:10     | Reached skill level 9 in Fire Magic
 12814 | Orc:1    | Entered Level 1 of the Orcish Mines
 12997 | Orc:1    | Noticed a two-headed ogre
 12999 | Orc:1    | Killed from afar by an orc priest

Illustrated notes

Levels and vault maps discovered:
D:1:      dpeg_arrival_round_b, layout_basic
D:2:      layout_basic
D:3:      layout_loops_corners, old_standard_altar, roderic_batcave,
          uniq_crazy_yiuf_cottage, uniq_jessica, uniq_natasha
D:4:      layout_cave_pods, corexii_shack, kennysheep_generic_room_16,
          uniq_eustachio, uniq_pikel, uniq_robin, uniq_duvessa
D:5:      layout_basic, grunt_temple_overflow_open, abandoned_shop,
          hellmonk_bongcloud_opening, hangedman_decor_riveting,
          nicolae_hexahallways
D:6:      layout_cave_pools, chequers_serial_rivers_large_a, uniq_grinder
D:7:      layout_rooms, minmay_temple_entry_crystal_x, minmay_ruined_shrine
D:8:      layout_loops_cross, gammafunk_temple_overflow_wave,
          nicolae_shop_fire_sale [nicolae_sub_dead_trees], chequers_arboretum,
          guppyfry_early_elven_hall, uniq_joseph
D:9:      layout_rooms
D:10:     layout_rooms, due_lair_maze_entry_diamond,
          ebering_ghost_reflecting_pool, serial_shops,
          nicolae_shop_industrial_runoff, lightli_elemental_guards
Lair:1:   minmay_guarded_unrand_snakebite, layout_cave_pods
Orc:1:    layout_caves

Skill      XL: |  1  2  3  4  5  6  7  8  9 10 11 |
---------------+----------------------------------+-----
Hexes          | 1 2 3 4 5 6 8 9 |  9.0
Spellcasting   | 4 5 6 7 9 11 | 11.7
Conjurations   | 5 6 7 8 9 10 | 10.0
Translocations | 4 |  4.0
Fighting       | 1 2 |  2.3
Dodging        | 3 4 |  4.4
Stealth        | 3 |  3.0
Air Magic      | 2 |  2.7
Fire Magic     | 8 9 |  9.3

Action                     |  1- 3 |  4- 6 |  7- 9 | 10-12 || total
---------------------------+-------+-------+-------+-------++-------
  Melee: Unarmed           |     2 |       |       |     1 ||     3
   Cast: Magic Dart        |    53 |   101 |    54 |    16 ||   224
         Searing Ray       |     3 |    17 |    28 |     4 ||    52
         Fulminant Prism   |       |     3 |    57 |    61 ||   121
         Iskenderun's Myst |       |       |     2 |    35 ||    37
         Starburst         |       |       |       |     2 ||     2
    Use: Scroll            |       |     9 |     9 |     3 ||    21
         Potion            |       |     1 |       |     1 ||     2
 Armour: Robe              |     1 |     3 |     9 |     3 ||    16
  Dodge: Dodged            |     5 |    13 |    50 |    45 ||   113

Table legend: (Time is in decaauts)
 A = Elapsed time spent in this place.
 B = Non-inter-level travel time spent in this place.
 C = Inter-level travel time spent in this place.
 D = Time resting spent in this place.
 E = Time spent auto-exploring this place.
 F = Levels seen in this place.
 G = Mean time per level.
                   A        B        C        D        E       F      G
               +--------+--------+--------+--------+--------+-----+--------+
         Total |  13018 |  12365 |    653 |   3274 |   7083 |  12 | 1084.8 |
       Dungeon |  12989 |  12337 |    652 |   3274 |   7083 |  10 | 1298.9 |
          Lair |      2 |      2 |      0 |      0 |      0 |   1 |    2.0 |
  Orcish Mines |     26 |     26 |      0 |      0 |      0 |   1 |   26.0 |
               +--------+--------+--------+--------+--------+-----+--------+

Top non-repeatable levels by time:
     D:3: 1942 daAuts
     D:5: 1766 daAuts
     D:9: 1632 daAuts
     D:8: 1534 daAuts
     D:4: 1366 daAuts
     D:7: 1113 daAuts
    D:10: 1052 daAuts
     D:2: 997 daAuts
     D:6: 793 daAuts
     D:1: 790 daAuts
   Orc:1: 26 daAuts
  Lair:1: 2 daAuts
